 Dungeon Crawl Stone Soup version 0.29-a0-284-gf9362112df (webtiles) character file.

Game seed: 13445067326595335066

3 spaghetti the Caller (level 1, 0/13 HPs)
             Began as a Mummy Summoner on Mar 22, 2022.
             Slain by a quokka (4 damage)
             ... on level 1 of the Dungeon.
             The game lasted 00:00:17 (188 turns).

spaghetti the Caller (Mummy Summoner)                Turns: 188, Time: 00:00:18

Health: 0/13       AC:  2    Str: 11    XL:     1   Next: 41%
Magic:  2/4        EV: 12    Int: 14    God:
Gold:   11         SH:  0    Dex: 12    Spells: 5/6 levels left

rFire   x . .      SeeInvis .   c - +0 dagger {short}
rCold   + . .      Faith    .   (no shield)
rNeg    + + +      Spirit   .   a - +0 robe
rPois   ∞          Reflect  .   (no helmet)
rElec   .          Harm     .   (no cloak)
rCorr   .          Rampage  .   (no gloves)
Will    .....                   (no boots)
Stlth   ++........              (no amulet)
HPRegen 0.04/turn               (no ring)
MPRegen 0.09/turn               (no ring)

@: no status effects
A: cold resistance 1, negative energy resistance 3, torment resistance 2, heat
vulnerability 1, no potions
a: no special abilities


You were on level 1 of the Dungeon.
You visited 1 branch of the dungeon, and saw 1 of its levels.

You collected 11 gold pieces.


Innate Abilities, Weirdness & Mutations

You are immune to poison.
Your flesh is cold resistant. (rC+)
You are immune to negative energy. (rN+++)
You are immune to unholy pain and torment.
You are vulnerable to heat. (rF-)
You do not drink.


   Skills:
 - Level 1.5 Dodging
 - Level 1.5 Stealth
 + Level 3.1 Spellcasting
 - Level 3.2 Summonings


You had 5 spell levels left.
You knew the following spells:

 Your Spells              Type           Power      Damage    Failure   Level
a - Summon Small Mammal   Summ           44%        N/A       5%          1

Your spell library contained the following spells:

 Spells                   Type           Power      Damage    Failure   Level
 Call Imp                 Summ           11%        N/A       9%          2
 Call Canine Familiar     Summ           11%        N/A       17%         3
 Summon Guardian Golem    Hex/Summ       6%         N/A       32%         3
 Summon Lightning Spire   Summ/Air       6%         N/A       73%         4

Inventory:

Hand Weapons
 c - a +0 dagger (weapon) {short}
   (You found it on level 1 of the Dungeon)
Armour
 a - a +0 robe (worn)
Scrolls
 b - a scroll of teleportation {unknown}
 d - a scroll of fog {unknown}

Dungeon Overview and Level Annotations

Branches:
Dungeon (1/15)

Altars:

Shops:
D:1

! #..... ..?#.
. ....#.#
##.....∩
#>....#
#rr..#... ..#
#)r...... #.#
#@# #.#
#####.# #.#
#.....# #.#
#.##### #.#
#.#
#.##########.#
..#.....[....#
#.#.##########
#.#.#


You could see a quokka (ally target) and 2 friendly rats.


Message History

🤖 Initializing magus.rc ...
Options error: Delay interrupt name "hungry" not recognised. (~/.crawlrc:4761) Options error: Bad monster_list_colour key: strict_neutral (~/.crawlrc:4776) ✅ Successfully initialized magus.rc [v1.9.6] Welcome, spaghetti the Mummy Summoner.
The heart of this dungeon contains the astounding artefact, the Orb of Zot.
Press ? for a list of commands and other information.
Found 11 gold pieces and a scroll labelled EPADUI OLIEXA.
Found a staircase leading out of the dungeon.
You now have 11 gold pieces.
b - a scroll labelled EPADUI OLIEXA You open the door.
A rat comes into view.
A rat is nearby!
A rat is nearby!
You barely miss the rat. The rat misses you.
You hit the rat but do no damage. The rat closely misses you.
You hit the rat. The rat closely misses you.
You closely miss the rat. The rat bites you. 😕 HP[-2]
You take 2 damage, and now have 11/13 hp.
You closely miss the rat. The rat misses you.
You hit the rat.
You kill the rat!
No target in view!
No target in view!
No target in view!
No target in view!
No target in view!
No target in view!
No target in view!
No target in view!
No target in view!
No target in view!
No target in view!
No target in view!
No target in view!
There is an open door here.
You see here a rat corpse.
You see here a +0 leather armour.
Key pressed, stopping explore.
Found a stone staircase leading down. 😎 HP[+2]
Your hp is fully restored (13).
c - a +0 dagger {short}
There is a stone staircase leading down here.
d - a scroll labelled CAIVAYM TOU
c - a +0 dagger (weapon)
{short} You see here a +0 leather armour.
A goblin comes into view. It is wielding a +0 dagger.
Found a book of Unlife.
Found an escape hatch in the floor.
A goblin is nearby!
A goblin is nearby!
The goblin shouts!
A quokka comes into view.
Found Gymer's Distillery.
The goblin hits you with a +0 dagger. 😕 HP[-2]
You take 2 damage, and now have 11/13 hp.
Casting: Summon Small Mammal (safe; 6% risk of failure)
Press: ? - help, Q - select action Dir - look around, f - activate The goblin misses you.
The quokka misses you.
A quokka comes into view. 😕 MP[-1]
You lost 1 mp, and now have 3/4 mp.
Casting: Summon Small Mammal (safe; 6% risk of failure)
Press: ? - help, Q - select action Dir - look around, f - activate The quokka misses you.
The goblin closely misses you.
Your rat bites the quokka but does no damage. 😕 MP[-1]
You lost 1 mp, and now have 2/4 mp.
You closely miss the goblin. The quokka closely misses you.
The goblin hits you with a +0 dagger.
Your rat closely misses the goblin.
Your rat bites the quokka. 😮 HP[-2]
You take 2 damage, and now have 9/13 hp.
You hit the goblin. The quokka misses you. The goblin misses you.
Your rat barely misses the goblin.
Your rat bites the quokka.
The quokka dies!
You hit the goblin. The goblin closely misses you.
The quokka barely misses you.
Your rat closely misses the goblin. x2
You barely miss the goblin. The goblin closely misses you.
The quokka twitches its whiskers.
The quokka bites you.
* * * LOW HITPOINT WARNING * * *
Your rat barely misses the goblin.
Your rat bites the goblin.
The goblin dies!
Your Spellcasting skill increases to level 3! 😨 HP[-4]
You take 4 damage, and now have 5/13 hp.
MASSIVE DAMAGE!! (PAUSE)
You hit the quokka but do no damage. The quokka bites you.
* * * LOW HITPOINT WARNING * * *
Your rat completely misses the quokka. x2 😨 HP[-1]
You take 1 damage, and now have 4/13 hp.
You hit the quokka but do no damage. The quokka closely misses you.
Your rat barely misses the quokka. x2
You hit the quokka. The quokka bites you.
You die...

Skill      XL: |  1 |
---------------+----+-----
Spellcasting   | 3 |  3.1
Dodging        | |  1.5
Stealth        | |  1.5
Summonings     | |  3.2

Action                   || total
-------------------------++-------
Melee: Dagger            ||     7
       Unarmed           ||     6
 Cast: Summon Small Mamm ||     2
Dodge: Dodged            ||    15

Levels and vault maps discovered:
D:1:      lightli_arrival_quake, layout_loops_ring, serial_shops,
          nicolae_shop_advertising_works [nicolae_subvault_shop_adworks],
          hellmonk_ecumenical_altar_heavens_door

Notes
Turn   | Place    | Note
-------+----------+-------------------------------------------
     0 | D:1      | spaghetti the Mummy Summoner began the quest for the Orb.
     0 | D:1      | Reached XP level 1. HP: 13/13 MP: 4/4
     0 | D:1      | magus.rc [v1.9.6]
   179 | D:1      | Found Gymer's Distillery.
   186 | D:1      | Reached skill level 3 in Spellcasting
   188 | D:1      | Slain by a quokka

Vanquished Creatures
  A rat (D:1)
1 creature vanquished.

Vanquished Creatures (collateral kills)
  A goblin (D:1)
  A quokka (D:1)
2 creatures vanquished.

Grand Total: 3 creatures vanquished

Table legend:
 A = Non-vault XP
 B = Vault XP
 C = Vault XP percentage of total XP
 D = Non-vault monster count
 E = Vault monster count
 F = Vault count percentage of total count
                 A         B        C        D         E       F
            +---------+---------+-------+---------+---------+-------
      Total |       5 |       0 |   0.0 |       3 |       0 |   0.0
            +---------+---------+-------+---------+---------+-------
        D:1 |       5 |       0 |   0.0 |       3 |       0 |   0.0
            +---------+---------+-------+---------+---------+-------

Illustrated notes

Table legend:
 A = Kills in this place as a percentage of kills in entire the game.
 B = Kills by you in this place as a percentage of kills by you in the entire game.
 C = Kills by friends in this place as a percentage of kills by friends in the entire game.
 D = Other kills in this place as a percentage of other kills in the entire game.
 E = Experience gained in this place as a percentage of experience gained in the entire game.
 F = Experience gained in this place divided by the number of levels of this place that you have seen.
                   A       B       C       D       E      F
               +-------+-------+-------+-------+-------+----------------------
         Total | 100.0 | 100.0 | 100.0 |   N/A | 100.0 |   5.0
       Dungeon | 100.0 | 100.0 | 100.0 |   N/A | 100.0 |   5.0
               +-------+-------+-------+-------+-------+----------------------

Table legend: (Time is in decaauts)
 A = Elapsed time spent in this place.
 B = Non-inter-level travel time spent in this place.
 C = Inter-level travel time spent in this place.
 D = Time resting spent in this place.
 E = Time spent auto-exploring this place.
 F = Levels seen in this place.
 G = Mean time per level.
                   A        B        C        D        E       F      G
               +--------+--------+--------+--------+--------+-----+--------+
         Total |    187 |    187 |      0 |      0 |    165 |   1 |  187.0 |
       Dungeon |    187 |    187 |      0 |      0 |    165 |   1 |  187.0 |
               +--------+--------+--------+--------+--------+-----+--------+

Top non-repeatable levels by time:
     D:1: 187 daAuts
